 Dungeon Crawl Stone Soup version 0.23.2-1-ga50397a (webtiles) character file.

Game seed: 18147803162754222823

191 Iscandelvey the Vexing (level 5, 0/37 HPs)
             Began as a Demonspawn Arcane Marksman on Apr 30, 2019.
             Killed from afar by an orc wizard (12 damage)
             ... with a puff of flame
             ... on level 2 of the Dungeon.
             The game lasted 00:18:20 (3278 turns).

Iscandelvey the Vexing (Demonspawn Arcane Marksman) Turns: 3278, Time: 00:18:21

Health: 0/37       AC:  2    Str: 10    XL:     5   Next: 42%
Magic:  0/7        EV: 13    Int: 16    God:
Gold:   82         SH:  0    Dex: 15    Spells: 4/7 levels left

rFire    . . .     SeeInvis .   a - +0 hand crossbow
rCold    . . .     Gourm    .   (no shield)
rNeg     . . .     Faith    .   e - +0 robe
rPois    .         Spirit   .   (no helmet)
rElec    .         Reflect  .   (no cloak)
rCorr    .         Harm     .   (no gloves)
MR       .....                  (no boots)
Stlth    +.........             (no amulet)
HPRegen  0.12/turn              r - ring of attention (curse)
MPRegen  0.10/turn              (no ring)

@: very slightly contaminated
A: thin skeletal structure 1, powered by death 1
a: no special abilities


You were on level 2 of the Dungeon.
You were not hungry.

You visited 1 branch of the dungeon, and saw 3 of its levels.

You collected 82 gold pieces.

Inventory:

Hand Weapons
 a - a +0 hand crossbow (weapon)
 c - a +0 club
 m - a +0 spear
Missiles
 d - 12 bolts (quivered)
 h - 35 stones
 p - 43 arrows
Armour
 e - a +0 robe (worn)
 n - a +0 scale mail
Jewellery
 r - a cursed ring of attention (left hand)
Scrolls
 i - a scroll of teleportation
 k - 2 scrolls of remove curse
 o - 3 scrolls of random uselessness
Potions
 b - a potion of resistance {unknown}
 g - a potion of degeneration {unknown}
 l - a potion of berserk rage {unknown}
Comestibles
 f - 3 rations
 j - 3 chunks of flesh


   Skills:
 - Level 1.2 Fighting
 * Level 3.2 Crossbows
 + Level 2.5 Dodging
 + Level 1.9 Spellcasting
 * Level 4.4 Hexes


You had 4 spell levels left.
You knew the following spells:

 Your Spells              Type           Power        Failure   Level  Hunger
a - Corona                Hex            ###....      3%          1    #......
b - Slow                  Hex            ###.....     4%          2    ###....

Your spell library contained the following spells:

 Spells                   Type           Power        Failure   Level  Hunger
 Inner Flame              Hex/Fire       #.......     26%         3    ###....
 Portal Projectile        Hex/Tloc       #.....       26%         3    ###....
 Cause Fear               Hex            ###.......   32%         4    #####..
 Leda's Liquefaction      Hex/Erth       #.........   63%         4    #####..


Dungeon Overview and Level Annotations

Branches:
Dungeon (3/15)

Altars:
Sif Muna


Innate Abilities, Weirdness & Mutations

You have a somewhat thin skeletal structure. (Dex +2, Stealth)
You regenerate a little health from kills.


Message History

The orc wizard hits you but does no damage.
Firing (i - inventory. (/) - cycle)
d - 13 bolts (quivered)
Press: ? - help, Shift-Dir - straight line, f - orc
Aim: an orc, wielding a +0 falchion You shoot a bolt.
The bolt barely misses the orc wizard.
The bolt hits the orc!
You kill the orc!
The orc wizard gestures at you while chanting.
The magic dart hits you.
* * * LOW HITPOINT WARNING * * *
Casting: Slow (safe; 4% risk of failure)
Confirm with . or Enter, or press ? or * to list all spells.
Aiming: Corona (safe; 3% risk of failure)
Press: ? - help, Shift-Dir - straight line, f - orc wizard
Aim: an orc wizard, wielding a +0 dagger and wearing a +0 robe (chance to defeat MR: 51%)
You miscast Corona.
You are very lightly contaminated with residual magic.
Nothing appears to happen.
The orc wizard gestures at you while chanting.
The puff of flame hits you!
You die...

#.## #.# #..## #.#
#.# ...####.# #...#
#.########.#
._......# ##..#
#..........#
...##..## #..#
###########..#
#.###..#
##.###.........#..#
#.###..#
#.>##.#######.#..#
#......# ##(##.#
#.# #.#..# #......#
#o##.# #.###.#..#
#....### #@##.#
#..<#.#..# ######
#.##.# #.###.#..# #
#.##.# #.# #.#..#
#.##.###.###.#####
#)##....)..#.....#
#..#####.#.####.##
#....#.#.....##.#
#............##.#
#............##.#


You could see an orc wizard.

Vanquished Creatures
  Natasha (thrice) (D:2)
  4 adders
  A gnoll (D:1)
  An ooze (D:1)
  2 worms (D:2)
  2 dart slugs (D:1)
  3 leopard geckos
  3 orcs
  5 bats
  3 giant cockroaches
  4 goblins (D:1)
  8 hobgoblins
  3 jackals (D:1)
  A quokka (D:2)
  2 frilled lizards (D:1)
  5 kobolds
  5 rats
55 creatures vanquished.

Notes
Turn   | Place    | Note
-------+----------+-------------------------------------------
     0 | D:1      | Iscandelvey the Demonspawn Arcane Marksman began the quest
                  | for the Orb.
     0 | D:1      | Reached XP level 1. HP: 15/15 MP: 2/2
   117 | D:1      | Gained mutation: You regenerate a little health from kills.
                  | [demonic ancestry]
   117 | D:1      | Reached XP level 2. HP: 21/21 MP: 3/3
   171 | D:1      | Learned a level 2 spell: Slow
   677 | D:1      | Reached XP level 3. HP: 26/26 MP: 1/4
   835 | D:2      | Noticed Natasha
   851 | D:2      | Killed Natasha
  1190 | D:2      | Noticed Natasha
  1220 | D:2      | Gained mutation: You have a somewhat thin skeletal
                  | structure. (Dex +2, Stealth) [demonic ancestry]
  1220 | D:2      | Reached XP level 4. HP: 31/32 MP: 1/6
  1249 | D:2      | Killed Natasha
  1249 | D:2      | Reached skill level 4 in Hexes
  2033 | D:2      | Noticed Natasha
  2049 | D:2      | HP: 1/32 [Natasha (6)]
  2050 | D:2      | Killed Natasha
  2050 | D:2      | Reached XP level 5. HP: 2/37 MP: 1/7
  2498 | D:2      | Found a deep blue altar of Sif Muna.
  3278 | D:2      | Killed from afar by an orc wizard

Skill      XL: |  1  2  3  4 |
---------------+-------------+-----
Crossbows      | 2 3 |  3.2
Dodging        | 2 |  2.5
Hexes          | 4 |  4.4
Fighting       | |  1.2
Spellcasting   | |  1.9

Action                   |  1- 3 |  4- 6 || total
-------------------------+-------+-------++-------
Melee: Club              |    60 |    28 ||    88
       Spear             |       |    88 ||    88
 Fire: Hand crossbow     |    32 |    29 ||    61
Throw: Stone             |    32 |    31 ||    63
 Cast: Slow              |    15 |    30 ||    45
       Corona            |     9 |    23 ||    32
  Use: Scroll            |       |     3 ||     3
 Stab: Sleeping          |     1 |     1 ||     2
  Eat: Chunk             |     2 |    10 ||    12
Armor: Robe              |    20 |    11 ||    31
Dodge: Dodged            |    58 |    72 ||   130
